cohdb
Replays
Latest Replays
All Replays
Popular Replays
Top Player Replays
Match Explorer
How It Works
Community
CoH3 Stats
Reddit
Sign in to upload your games and track your stats! →
Sign in with Steam
Match 43610373
Unlisted
Match 43610373
Overview
Messages
Build Orders
End
Vickers Machine Gun Team
Construct Section Command Post
Selects Heavy Armor Battlegroup
Selects Heavy Armor Battlegroup
Dingo Light Scout Car
Infantry Section
Infantry Section
Grenade Package
Construct Platoon Command Post
Selects Rigorous Vehicle Training
Humber Armored Car
Selects Light Vehicle Withdraw and Refit
Unlock Bishop Self-propelled Artillery
Infantry Section
Light Vehicle Training
Selects Forward Repair Assembly
Selects Radio Net
6-pounder Anti-tank Gun Team
Haris
Меткић'94
RN42
Alekel
Victor #52
sigounet
CLARK
King Raptor
0
0
Comments
sign in to comment!
No comments posted yet!